 Dungeon Crawl Stone Soup version 0.26-a0-26-ge22fd8933b (webtiles) character file.

Game seed: 1550433227283624596, levelgen mode: deterministic

492 Masnef the Firebug (level 7, 0/59 HPs)
             Began as an Ogre Fire Elementalist on May 27, 2020.
             Slain by an ogre
             ... wielding a +0 giant club
              (16 damage)
             ... on level 5 of the Dungeon.
             The game lasted 00:12:28 (6210 turns).

Masnef the Firebug (Ogre Fire Elementalist)         Turns: 6210, Time: 00:12:29

Health: 0/59       AC:  3    Str: 13      XL:     7   Next: 14%
Magic:  8/11       EV:  9    Int: 18      God:
Gold:   186        SH:  0    Dex:  6 (9)  Spells: 7/12 levels left

rFire    + . .     SeeInvis +   e - +1 whip (holy)
rCold    . . .     Gourm    .   (no shield)
rNeg     . . .     Faith    .   a - +0 robe
rPois    .         Spirit   .   (helmet restricted)
rElec    .         Reflect  .   (no cloak)
rCorr    .         Harm     .   (gloves unavailable)
MR       .....                  (boots unavailable)
Stlth    +.........             (no amulet)
HPRegen  0.19/turn              r - ring of see invisible
MPRegen  0.12/turn              B - ring of protection from fire

@: no status effects
A: large, unfitting armour, tough skin 1
a: no special abilities


You were on level 5 of the Dungeon.
You were hungry.

You visited 1 branch of the dungeon, and saw 5 of its levels.

You collected 246 gold pieces.
You spent 60 gold pieces at shops.

Inventory:

Hand Weapons
 e - a +1 whip of holy wrath (weapon)
 x - a +1 rapier of speed
Missiles
 v - 22 arrows
Armour
 a - a +0 robe (worn)
Jewellery
 r - a ring of see invisible (left hand)
 A - an uncursed ring of ice
 B - a ring of protection from fire (right hand)
 C - an uncursed amulet of guardian spirit
Wands
 s - a wand of random effects (19)
Scrolls
 b - 2 scrolls of blinking
 d - a scroll of magic mapping {unknown}
 h - a scroll of random uselessness {unknown}
 i - a scroll of enchant weapon {unknown}
 k - 6 scrolls of identify {unknown}
 l - 3 scrolls of teleportation {unknown}
 n - a scroll of fear {unknown}
 w - 2 scrolls of fog
 y - 2 scrolls of remove curse
 z - a scroll of immolation {unknown}
Potions
 f - a potion of resistance {unknown}
 g - 2 potions of flight {unknown}
 j - 5 potions of curing {unknown}
 m - 2 potions of might {unknown}
 o - a potion of brilliance {unknown}
 p - a potion of degeneration {unknown}
 q - 2 potions of lignification {unknown}
 t - a potion of magic {unknown}
 u - a potion of mutation {unknown}
 D - a potion of heal wounds {unknown}
Comestibles
 c - 6 rations


   Skills:
 + Level 4.0 Maces & Flails
 + Level 2.0 Dodging
 - Level 1.4 Stealth
 + Level 3.1 Spellcasting
 * Level 2.3 Conjurations
 + Level 4.9 Fire Magic


You had 7 spell levels left.
You knew the following spells:

 Your Spells              Type           Power        Failure   Level  Hunger
a - Foxfire               Conj/Fire      ###.         3%          1    None
b - Sticky Flame          Conj/Fire      ###.....     34%         4    ####...

Your spell library contained the following spells:

 Spells                   Type           Power        Failure   Level  Hunger
 Conjure Flame            Conj/Fire      ###.....     11%         3    ###....
 Inner Flame              Hex/Fire       ##......     17%         3    ###....
 Fireball                 Conj/Fire      ###.......   69%         5    ######.


Dungeon Overview and Level Annotations

Branches:
Dungeon (5/15)
 Temple: D:4-7

Altars:
Cheibriados
Hepliaklqana
Uskayaw
Zin

Shops:
D:4 *?


Innate Abilities, Weirdness & Mutations

You are too large for most types of armour.
You have tough skin. (AC +1)


Message History

The ogre is heavily wounded.
The foxfire hits the ogre.
The ogre is heavily wounded.
The ogre hits you with a +0 giant club!!
Casting: Foxfire (safe; 3% risk of failure)
Confirm with . or Enter, or press ? or * to list all spells.
Okay, then.
Casting: Foxfire (safe; 3% risk of failure)
Confirm with . or Enter, or press ? or * to list all spells.
You conjure some foxfire!
The ogre hits you with a +0 giant club!!
* * * LOW HITPOINT WARNING * * *
The foxfire hits the ogre.
The ogre is severely wounded.
The foxfire hits the ogre.
The ogre is almost dead.
Casting: Foxfire (safe; 3% risk of failure)
Confirm with . or Enter, or press ? or * to list all spells.
You conjure some foxfire!
The ogre hits you with a +0 giant club!
You die...

##.## #..# #..#
#..# #..# ##.##
##..#
########O..#####
#.......@v.......
.......<.v.......
........##..#####
#......## ###
####.## ##


You could see an ogre.

Vanquished Creatures
  A bullfrog (D:4)
  2 scorpions (D:4)
  A quasit (D:4)
  2 hounds (D:4)
  2 bullfrog skeletons (D:4)
  2 worker ants (D:4)
  6 adders
  An adder skeleton (D:4)
  2 worms
  A dart slug (D:3)
  2 leopard geckos
  2 orcs (D:4)
  7 bats
  5 giant cockroaches
  8 hobgoblins
  4 jackals (D:3)
  9 kobolds
  5 quokkas
  A ball python (D:4)
  5 frilled lizards
  2 goblins
  8 rats
78 creatures vanquished.

Vanquished Creatures (others)
  122 foxfires
122 creatures vanquished.

Grand Total: 200 creatures vanquished

Notes
Turn   | Place    | Note
-------+----------+-------------------------------------------
     0 | D:1      | Masnef the Ogre Fire Elementalist began the quest for the
                  | Orb.
     0 | D:1      | Reached XP level 1. HP: 16/16 MP: 3/3
   199 | D:1      | Reached XP level 2. HP: 2/24 MP: 0/5
  1214 | D:1      | Found a hide-covered altar of Uskayaw.
  1423 | D:2      | Found a glowing silver altar of Zin.
  1532 | D:2      | Found a snail-covered altar of Cheibriados.
  1556 | D:2      | Reached XP level 3. HP: 28/31 MP: 3/6
  2208 | D:2      | Found a hazy altar of Hepliaklqana.
  2507 | D:3      | Reached XP level 4. HP: 29/39 MP: 7/7
  2867 | D:3      | Reached skill level 1 in Maces & Flails
  4219 | D:4      | Reached XP level 5. HP: 45/45 MP: 3/8
  4355 | D:4      | Reached skill level 1 in Conjurations
  4392 | D:4      | Found Inibb's Assorted Antiques.
  4692 | D:4      | Reached XP level 6. HP: 36/53 MP: 4/9
  4821 | D:4      | Found Xeataam's Magic Scroll Boutique.
  4839 | D:4      | Bought a scroll of fog for 24 gold pieces
  4839 | D:4      | Bought a scroll of remove curse for 36 gold pieces
  5048 | D:4      | Learned a level 4 spell: Sticky Flame
  5707 | D:4      | Reached XP level 7. HP: 47/59 MP: 7/11
  6154 | D:5      | Entered Level 5 of the Dungeon
  6210 | D:5      | Slain by an ogre

Illustrated notes

Levels and vault maps discovered:
D:1:      dpeg_arrival_lava_altar, layout_loops_cross
D:2:      layout_loops_corners, nicolae_overflow_crystal_walls,
          cheibriados_altar_1, marbit_many_paths, first_ration,
          serial_bayou_lagoon_a
D:3:      layout_loops_ring, grunt_decor_resistance
D:4:      lemuel_upstairs_altar, layout_basic, serial_shops, shop,
          kennysheep_little_box, kennysheep_nondescript
D:5:      layout_cave_pods, minitemple

Skill      XL: |  1  2  3  4  5  6  7 |
---------------+----------------------+-----
Fire Magic     | 3 4 |  4.9
Maces & Flails | 2 3 4 |  4.0
Conjurations   | 1 2 |  2.3
Spellcasting   | 3 |  3.1
Dodging        | 2 |  2.0
Stealth        | |  1.4

Action                   |  1- 3 |  4- 6 |  7- 9 || total
-------------------------+-------+-------+-------++-------
Melee: Unarmed           |    21 |       |       ||    21
       Whip              |    79 |   135 |     8 ||   222
       Rapier            |       |     6 |       ||     6
 Cast: Foxfire           |    22 |    46 |     7 ||    75
  Use: Scroll            |     2 |       |       ||     2
 Stab: Sleeping          |     5 |     2 |       ||     7
  Eat: Chunk             |     4 |     8 |     1 ||    13
       Ration            |       |     1 |       ||     1
Armor: Robe              |    35 |    30 |     1 ||    66
Dodge: Dodged            |    86 |   102 |     3 ||   191

Table legend:
 A = Non-vault XP
 B = Vault XP
 C = Vault XP percentage of total XP
 D = Non-vault monster count
 E = Vault monster count
 F = Vault count percentage of total count
                 A         B        C        D         E       F
            +---------+---------+-------+---------+---------+-------
      Total |     701 |       2 |   0.3 |      77 |       1 |   1.3
            +---------+---------+-------+---------+---------+-------
        D:1 |      24 |       0 |   0.0 |      16 |       0 |   0.0
        D:2 |      38 |       2 |   5.0 |      17 |       1 |   5.6
        D:3 |      80 |       0 |   0.0 |      23 |       0 |   0.0
        D:4 |     559 |       0 |   0.0 |      21 |       0 |   0.0
            +---------+---------+-------+---------+---------+-------
